 Dungeon Crawl Stone Soup version 0.31.0-12-g77e489cdc1 (webtiles) character file.

Game seed: 12482540509132288127

3689 PaiMei the Merchant of Misery (level 9, -3/71 HPs)
             Began as a Demonspawn Necromancer on Feb 17, 2024.
             Was a Believer of Kikubaaqudgha.
             Slain by Maurice
             ... wielding a +0 short sword
              (5 damage)
             ... on level 7 of the Dungeon.
             The game lasted 00:16:20 (11227 turns).

PaiMei the Merchant of Misery (DsNe)               Turns: 11227, Time: 00:16:21

Health: -3/71      AC:  3    Str: 10    XL:     9   Next: 90%
Magic:  0/19       EV: 14    Int: 25    God:    Kikubaaqudgha [**....]
Gold:   0          SH:  4    Dex: 15    Spells: 17/21 levels left

rFire   + . .        A - +2 hand axe (venom)
rCold   + . .        D - +0 buckler
rNeg    + . .        H - +1 robe {rC+ rF+}
rPois   .            (helmet restricted)
rElec   .            (no cloak)
rCorr   .            (no gloves)
SInv    .            (no boots)
Will    +....        (no amulet)
Stlth   +++          i - ring "Raulaywemp" {rN+ Will+ Str+2 Stlth+}
HPRegen 0.31/turn    n - +6 ring of intelligence
MPRegen 0.16/turn

%: no passive effects
@: lethally poisoned (-3 -> -5), slowed, very slow
A: horns 2, icemail 1, condensation shield
a: Renounce Religion, Unearth Wretches


You were on level 7 of the Dungeon.
You worshipped Kikubaaqudgha.
Kikubaaqudgha was pleased with you.
You visited 1 branch of the dungeon, and saw 8 of its levels.
You also visited: Ossuary.

You collected 156 gold pieces.
You spent 156 gold pieces at shops.

Inventory:

Hand Weapons
 r - a +4 halberd of freezing
 A - a +2 hand axe of venom (weapon)
 E - a +2 scimitar of freezing
 F - a +0 dagger of pain
Missiles
 s - 5 atropa-tipped darts (quivered)
 x - 13 poisoned darts
 B - a curare-tipped dart
Armour
 t - +0 steam dragon scales
 D - a +0 buckler (worn)
 H - a +1 robe of resistance (worn)
Jewellery
 d - a ring of willpower
 i - the ring "Raulaywemp" (left hand) {rN+ Will+ Str+2 Stlth+}
   (You found it on level 2 of the Dungeon)

   [ring of willpower]

   Str+2:     It affects your strength (+2).
   rN+:       It protects you from negative energy.
   Will+:     It increases your willpower.
   Stlth+:    It makes you more stealthy.
 n - a +6 ring of intelligence (right hand)
Wands
 c - a wand of charming (4)
Scrolls
 e - 3 scrolls of vulnerability {unknown}
 h - 6 scrolls of identify {unknown}
 m - 7 scrolls of teleportation {unknown}
 o - 2 scrolls of blinking {unknown}
 p - 2 scrolls of fog {unknown}
 u - 2 scrolls of poison {unknown}
 w - 3 scrolls of noise {unknown}
 y - 3 scrolls of enchant armour {unknown}
 C - a scroll of immolation {unknown}
 G - a scroll of revelation {unknown}
Potions
 b - 3 potions of magic
 f - 2 potions of lignification
 g - a potion of haste
 k - a potion of enlightenment
 q - a potion of berserk rage
 z - 2 potions of curing
 I - 2 potions of heal wounds


   Skills:
 + Level 6.9 Fighting
 + Level 6.7 Dodging
 - Level 2.0 Stealth
 + Level 6.8 Spellcasting
 + Level 9.0 Necromancy


You had 17 spell levels left.
You knew the following spells:

 Your Spells              Type           Power      Damage    Failure   Level
a - Necrotise             Necr           100%       1d9       1%          1
b - Vampiric Draining     Necr           52%        2d9       1%          3

Your spell library contained the following spells:

 Spells                   Type           Power      Damage    Failure   Level
 Animate Dead             Necr           52%        N/A       2%          4
 Cigotuvi's Dreadful Rot  Necr/Alch/Air  46%        N/A       4%          2
 Curse of Agony           Necr           52%        N/A       7%          5
 Freeze                   Ice            32%        1d5       11%         1
 Sandblast                Erth           16%        2d6       11%         1
 Sting                    Conj/Alch      32%        1d5       11%         1
 Mercury Vapours          Alch/Air       16%        N/A       16%         2
 Call Canine Familiar     Summ           8%         N/A       30%         3
 Frozen Ramparts          Ice            16%        1d3       30%         3
 Hailstorm                Conj/Ice       8%         3d5       30%         3
 Passwall                 Erth           8%         N/A       30%         3
 Sigil of Binding         Hex            8%         N/A       30%         3
 Stone Arrow              Conj/Erth      16%        3d8       30%         3
 Brom's Barrelling Bould  Conj/Erth      8%         2d3       71%         4
 Dimensional Bullseye     Hex/Tloc       4%         N/A       71%         4
 Manifold Assault         Tloc           8%         N/A       71%         4
 Olgreb's Toxic Radiance  Alch           8%         N/A       71%         4
 Passage of Golubria      Tloc           8%         N/A       71%         4
 Silence                  Hex/Air        4%         N/A       96%         5
 Dispersal                Tloc           4%         N/A       100%        6
 Disjunction              Tloc           4%         N/A       100%        8
 Lehudib's Crystal Spear  Conj/Erth      4%         10d3      100%        8


Dungeon Overview and Level Annotations

Branches:
Dungeon (8/15)             Temple (0/1) D:7         Ossuary (visited)
   Lair: D:8-11

Altars:
Fedhas
Gozag
Kikubaaqudgha
Trog
Xom

Shops:
D:7 !

Annotations:
D:7 Joseph, Maurice


Innate Abilities, Weirdness & Mutations

You have a pair of horns on your head.
A meltable icy envelope protects you from harm. (AC +0)
A meltable shield of frost defends you. (SH +0)


Message History

Joseph wields a +0 sling.
Joseph shoots a sling bullet.
Something hits you!
Something steals your +0 kite shield!
Something bites you.
You feel your power leaking away. Something drains your magic.
You block the water moccasin's attack. Something hits you.
Something steals 309 gold pieces!
You now have 0 gold pieces.
Something bites you but does no damage.
Joseph shoots a sling bullet.
The water moccasin bites you but does no damage.
You hear a zap.
A puff of flame appears from out of thin air!
The puff of flame hits you. You resist.
Casting: Vampiric Draining (safe; 1% risk of failure)
Confirm with . or Enter, or press ? or * to list all spells.
You don't have enough magic to cast this spell.
Something blocks your attack.
Your headbutt misses something. You hit the water moccasin.
You feel very sick. The water moccasin closely misses you.
You block the water moccasin's attack. You block something's attack.
Something barely misses you.
Joseph shoots a sling bullet.
The water moccasin bites you but does no damage.
Casting: Vampiric Draining (safe; 1% risk of failure)
Confirm with . or Enter, or press ? or * to list all spells.
You don't have enough magic to cast this spell.
You barely miss something. Your headbutt misses something.
You hit the water moccasin.
You feel sick.
The water moccasin bites you but does no damage.
Something hits you!
* * * LOW HITPOINT WARNING * * *
Something steals your +3 shortbow!
Something bites you.
* * * LOW HITPOINT WARNING * * *
Something drains your magic. The water moccasin bites you.
* * * LOW HITPOINT WARNING * * *
Something hits you.
* * * LOW HITPOINT WARNING * * *
Something steals your orb of wrath! You block something's attack.
Joseph shoots a sling bullet.
The sling bullet completely misses you. The water moccasin barely misses you.
Something hits you.
You die...
Kikubaaqudgha rasps: "You have failed me!
Welcome... death!"

............# .###.......
............# #........
............## .#.......#
............#####...........#
.........#..........#......#
##......#######............
######....# #@.........
####.# #.##...... #@# ######.
#{S.....# ####. #@......#
##.... #.......# ##.....
#.......# #...... #.......#
#...... #.......# #......
#.......# ##..... #......


You could see Joseph and a water moccasin.

Vanquished Creatures
  A two-headed ogre (D:8)
  Sigmund (D:2)
  2 steam dragons
  A water moccasin (D:8)
  2 ice beasts
  A centaur (D:8)
  A kobold brigand (D:8)
  4 bullfrogs
  4 scorpions
  A gnoll sergeant (D:5)
  15 wights
  2 burial acolytes (Ossuary)
  3 hounds
  2 jellies
  3 orc priests
  Jessica (D:2)
  4 orc wizards
  5 iguanas
  A mummy (D:6)
  Robin (D:3)
  10 gnolls
  10 adders
  2 white imps
  An adder skeleton (Ossuary)
  A ribbon worm (D:2)
  14 orcs
  2 bats
  3 endoplasms
  3 giant cockroaches
  8 hobgoblins
  6 jackals
  2 quokkas (D:3)
  5 ball pythons
  3 ball python skeletons (Ossuary)
  2 frilled lizards (D:3)
  14 goblins
  A goblin zombie (D:6)
  4 kobolds
  A kobold skeleton (Ossuary)
  2 orc skeletons (Ossuary)
  An orc zombie (D:6)
  3 rats
153 creatures vanquished.

Vanquished Creatures (collateral kills)
  An iguana (D:5)
  A gnoll (D:5)
  3 goblins (D:3)
  A jackal (D:1)
  A rat (D:3)
7 creatures vanquished.

Grand Total: 160 creatures vanquished

Notes
Turn   | Place    | Note
-------+----------+-------------------------------------------
     0 | D:1      | PaiMei the Demonspawn Necromancer began the quest for the
                  | Orb.
     0 | D:1      | Reached XP level 1. HP: 13/13 MP: 3/3
   466 | D:1      | Gained mutation: You have a pair of small horns on your
                  | head. [demonic ancestry]
   466 | D:1      | Reached XP level 2. HP: 19/19 MP: 0/5
  1203 | D:2      | Reached XP level 3. HP: 25/25 MP: 1/6
  1207 | D:2      | Learned a level 3 spell: Vampiric Draining
  1289 | D:2      | Noticed Sigmund
  1428 | D:2      | Identified the ring "Raulaywemp" {rN+ Will+ Str+2 Stlth+}
  1521 | D:2      | Identified the +10 plate armour of Jas Bao {rC+ Str+2 Int-5
                  | Dex+4}
  1598 | D:2      | Reached skill level 1 in Fighting
  1807 | D:2      | Noticed Jessica
  1821 | D:2      | Killed Jessica
  1822 | D:2      | Reached skill level 5 in Necromancy
  1822 | D:2      | Gained mutation: A meltable shield of frost defends you.
                  | (SH +0) [demonic ancestry]
  1822 | D:2      | Reached XP level 4. HP: 24/32 MP: 3/8
  2575 | D:3      | Gained mutation: You have a pair of horns on your head.
                  | [demonic ancestry]
  2575 | D:3      | Reached XP level 5. HP: 31/38 MP: 1/9
  2665 | D:3      | Noticed Robin
  2854 | D:3      | Killed Robin
  2856 | D:3      | Identified the +0 plate armour "Bopualud" {rF+}
  3210 | D:4      | Reached XP level 6. HP: 39/46 MP: 1/11
  3994 | D:4      | Found a bloodstained altar of Trog.
  4001 | D:4      | Found an opulent altar of Gozag.
  4002 | D:4      | Found a blossoming altar of Fedhas.
  4002 | D:4      | Found a shimmering altar of Xom.
  4004 | D:4      | Found an ancient bone altar of Kikubaaqudgha.
  4007 | D:4      | Became a worshipper of Kikubaaqudgha
  4111 | D:2      | Killed Sigmund
  4112 | D:2      | Reached skill level 6 in Necromancy
  4112 | D:2      | Gained mutation: A meltable icy envelope protects you from
                  | harm. (AC +0) [demonic ancestry]
  4112 | D:2      | Reached XP level 7. HP: 26/52 MP: 3/12
  4382 | D:5      | Entered Level 5 of the Dungeon
  5656 | D:5      | Reached * piety under Kikubaaqudgha
  5656 | D:5      | Received a gift from Kikubaaqudgha
  5917 | D:5      | Reached XP level 8. HP: 51/60 MP: 6/14
  6251 | D:6      | Found a sand-covered staircase.
  6292 | Ossuary  | Entered an ossuary
  6457 | Ossuary  | Reached skill level 7 in Necromancy
  6474 | Ossuary  | Reached skill level 5 in Spellcasting
  6637 | Ossuary  | Reached skill level 5 in Dodging
  6906 | D:6      | Reached skill level 5 in Fighting
  7774 | D:6      | You fall into a shaft and drop 2 floors!
  7792 | D:8      | HP: 2/63 [wight/+4 halberd of freezing (4)]
  7803 | D:8      | HP: 5/139 [wight/+4 halberd of freezing (9)]
  7803 | D:8      | HP: 1/139 [wight/+4 halberd of freezing (4)]
  8200 | D:8      | Reached XP level 9. HP: 65/68 MP: 2/17
  8358 | D:8      | Reached skill level 8 in Necromancy
  8598 | D:8      | Noticed a two-headed ogre
  9372 | D:8      | Killed a two-headed ogre
 10245 | D:7      | Reached ** piety under Kikubaaqudgha
 10375 | D:7      | Found a staircase to the Ecumenical Temple.
 10375 | D:7      | Noticed Joseph
 10725 | D:8      | Reached skill level 9 in Necromancy
 11187 | D:7      | Found Huwnom's Distillery.
 11197 | D:7      | Bought a potion of heal wounds for 60 gold pieces
 11197 | D:7      | Bought a potion of heal wounds for 60 gold pieces
 11197 | D:7      | Bought a potion of curing for 36 gold pieces
 11213 | D:7      | Noticed Maurice
 11217 | D:7      | Maurice stole 5 curare-tipped darts
 11219 | D:7      | Maurice stole a ring of protection from fire
 11225 | D:7      | Something stole a +0 kite shield
 11225 | D:7      | Something stole 309 gold
 11227 | D:7      | Something stole a +3 shortbow
 11227 | D:7      | HP: 2/71 [something (4)]
 11227 | D:7      | Something stole an orb of wrath
 11227 | D:7      | Slain by Maurice

Illustrated notes

Levels and vault maps discovered:
D:1:      shiori_arrival_oz, layout_basic, serial_glass, glass_columns_c,
          glass_columns_a, glass_columns_c, glass_columns_c, glass_columns_a,
          glass_columns_b, glass_columns_a, glass_columns_a, glass_columns_c,
          glass_columns_c
D:2:      layout_basic, uniq_jessica, uniq_sigmund
D:3:      layout_rooms, uniq_robin
D:4:      layout_basic, minitemple, amcnicky_mini_rare_corridor_liquid,
          fountainhead
D:5:      layout_cave_pools
D:6:      layout_loops_ring, nicolae_ossuary_entry_giza, portal_sewer_entry_a,
          chequers_serial_rivers_small_3, uniq_jeremiah
D:7:      layout_rooms, minmay_temple_entry_tees, serial_shops,
          nicolae_shop_stone, st_stairs_2, dreamdust_wishing_well,
          guppyfry_shop_venom, uniq_maurice, uniq_joseph
D:8:      minmay_goldmine, layout_basic, billiards_dpeg

Skill      XL: |  1  2  3  4  5  6  7  8  9 |
---------------+----------------------------+-----
Dodging        | 2 3 4 5 6 |  6.7
Stealth        | 2 |  2.0
Fighting       | 1 2 3 4 5 6 |  6.9
Necromancy     | 5 6 7 9 |  9.0
Spellcasting   | 3 4 5 6 |  6.8

Action                     |  1- 3 |  4- 6 |  7- 9 || total
---------------------------+-------+-------+-------++-------
  Melee: Short sword       |     3 |       |       ||     3
         Dagger            |       |    13 |       ||    13
         Headbutt          |       |     2 |    37 ||    39
         Hand axe          |       |       |   158 ||   158
   Cast: Necrotise         |    63 |    99 |   145 ||   307
         Vampiric Draining |       |     2 |    37 ||    39
    Use: Potion            |       |       |     9 ||     9
   Stab: Sleeping          |       |       |     6 ||     6
 Armour: Robe              |     8 |    34 |    98 ||   140
         Skin              |       |       |    32 ||    32
         Steam dragon scal |       |       |    44 ||    44
  Dodge: Dodged            |    12 |    40 |   138 ||   190
  Block: Other             |       |    16 |     6 ||    22
         Buckler           |       |       |    71 ||    71
